 Dungeon Crawl Stone Soup version 0.28-a0-385-g79de503ca0 (webtiles) character file.

Game seed: 10914235066145951506

39 Malachi the Insei (level 3, 27/27 HPs)
             Began as a Djinni Transmuter on Sept 3, 2021.
             Got out of the dungeon alive.
             The game lasted 00:01:49 (2126 turns).

Malachi the Insei (Djinni Transmuter)               Turns: 2126, Time: 00:01:49

Health: 27/27      AC:  2    Str:  9    XL:     3   Next: 70%
Gold:   32         EV: 12    Int: 15    God:
                   SH:  0    Dex: 13

rFire   + + .      SeeInvis .     - Unarmed
rCold   x . .      Faith    .   (no shield)
rNeg    . . .      Spirit   .   a - +0 robe
rPois   ∞          Reflect  .   e - +0 hat
rElec   .          Harm     .   (no cloak)
rCorr   .          Rampage  .   (no gloves)
Will    .....                   (boots unavailable)
Stlth   +.........              (no amulet)
HPRegen 0.09/turn               (no ring)
MPRegen 0.00/turn               (no ring)

@: flying
A: sickness immunity, fire resistance 2, cold vulnerability 1, float, innate
caster, hp casting, extra vitality 1
a: no special abilities


You escaped.
You visited 1 branch of the dungeon, and saw 2 of its levels.

You collected 32 gold pieces.

Inventory:

Armour
 a - a +0 robe (worn)
 e - a +0 hat (worn)
Scrolls
 b - a scroll of identify {unknown}
 c - a scroll of amnesia {unknown}
 g - a scroll of vulnerability {unknown}
Potions
 d - 2 potions of lignification {unknown}
 f - 2 potions of might {unknown}


   Skills:
 + Level 1.1 Fighting
 + Level 2.3 Dodging
 + Level 0.4 Stealth
 + Level 3.6 Unarmed Combat
 + Level 2.2 Spellcasting


You couldn't memorise any spells.
You knew the following spells:

 Your Spells              Type           Power      Damage    Failure   Level
a - Beastly Appendage     Tmut           16%        N/A       9%          1
b - Wereblood             Tmut           8%         N/A       13%         2
c - Spider Form           Tmut/Pois      4%         N/A       26%         3
d - Ice Form              Ice/Tmut       8%         N/A       65%         4
e - Apportation           Tloc           16%        N/A       9%          1
Your spell library was empty.

Dungeon Overview and Level Annotations

Branches:
Dungeon (2/15)

Altars:


Innate Abilities, Weirdness & Mutations

You are immune to sickness and miasma.
You are immune to poison.
Your flesh is very heat resistant. (rF++)
You are vulnerable to cold. (rC-)
You float through the air rather than walking.
You learn spells naturally, not from books.
Your magical power is your life essence.
You have superior vitality. (+4 HP)


Message History

Your horns disappear.
Your +0 hat unmelds from your body.
You hit the ball python.
You kill the ball python!
You hit the quokka.
The quokka is lightly wounded.
The quokka barely misses you. The quokka closely misses you.
You closely miss the quokka.
The quokka is lightly wounded.
The quokka bites you.
You barely miss the quokka.
The quokka is lightly wounded.
The quokka closely misses you.
You hit the quokka but do no damage. The quokka bites you.
You hit the quokka.
The quokka is moderately wounded.
The quokka closely misses you.
You hit the quokka.
You kill the quokka!
Things that are here:
a quokka corpse; a ball python corpse
g - a scroll labelled PEMNAMAECW An adder comes into view.
An adder is nearby!
An adder is nearby!
An adder is nearby!
An adder is nearby!
No reachable target in view!
No reachable target in view!
An adder is nearby!
An adder is nearby!
There is a stone staircase leading up here.
You fly upwards.
There is a stone staircase leading down here.
Unknown command.
Things that are here:
3 stones; a +0 dagger
There is a staircase leading out of the dungeon here.
Are you sure you want to leave the Dungeon?
This will make you lose the game!
You have escaped!

##.........#..##.# #.##...##.###
...........#.##..# #.###.....##.
###........#.#..## #(..##.......
# #.......##...## #...#........ #
#.......#....# #...#........
###.......#....### #.....>......
##.......##..#...## #............
...##....#..###...# #.....#...##.
..######.#.## #.@.# #.#.#########
....####.#.# #...###.#.## #####
.........#.## ##...##....# ##...#
.......#.#..####...##....###.....
.......#.##..##....##............
.......#..#........##(..###......
.......##.##.....####..## #......
.......##..##...####...####......
............#####....#...........


There were no monsters in sight!

Vanquished Creatures
  An adder (D:2)
  4 ball pythons
  2 bats (D:1)
  8 endoplasms
  2 hobgoblins (D:1)
  A quokka (D:2)
  3 frilled lizards (D:1)
  2 goblins (D:1)
  3 kobolds
  A rat (D:1)
27 creatures vanquished.

Notes
Turn   | Place    | Note
-------+----------+-------------------------------------------
     0 | D:1      | Malachi the Djinni Transmuter began the quest for the Orb.
     0 | D:1      | Reached XP level 1. HP: 17/17 MP: 0/0
   559 | D:1      | Reached XP level 2. HP: 17/22 MP: 0/0
  1561 | D:1      | Reached XP level 3. HP: 26/27 MP: 0/0
  1561 | D:1      | Learned a level 1 spell: Apportation
  2126 | D:$      | Got out of the dungeon alive.

Illustrated notes

Levels and vault maps discovered:
D:1:      dpeg_arrival_round_c, layout_rooms, hangedman_glass_teeth
D:2:      minmay_angry_zag, layout_basic, serial_co_window_serial,
          co_window_corner_a, co_window_corner_a, co_window_paths_a,
          co_window_corner_a, co_window_paths_a, co_window_paths_c,
          co_window_2corner, co_window_corner_cb, co_window_paths_e,
          co_window_sun, glass_columns_c, glass_columns_a, glass_columns_a,
          glass_columns_b, glass_columns_a, glass_columns_a, minivault_5

Skill      XL: |  1  2 |
---------------+-------+-----
Spellcasting   | 2 |  2.2
Fighting       | |  1.1
Dodging        | |  2.3
Stealth        | |  0.4
Unarmed Combat | |  3.6

Action                   || total
-------------------------++-------
Melee: Unarmed           ||    93
       Headbutt          ||    10
       Punch             ||     1
 Cast: Beastly Appendage ||    20
 Stab: Sleeping          ||     1
Armor: Robe              ||    22
Dodge: Dodged            ||    59

Table legend: (Time is in decaauts)
 A = Elapsed time spent in this place.
 B = Non-inter-level travel time spent in this place.
 C = Inter-level travel time spent in this place.
 D = Time resting spent in this place.
 E = Time spent auto-exploring this place.
 F = Levels seen in this place.
 G = Mean time per level.
                   A        B        C        D        E       F      G
               +--------+--------+--------+--------+--------+-----+--------+
         Total |   2120 |   2068 |     52 |    742 |   1079 |   2 | 1060.0 |
       Dungeon |   2120 |   2068 |     52 |    742 |   1079 |   2 | 1060.0 |
               +--------+--------+--------+--------+--------+-----+--------+

Top non-repeatable levels by time:
     D:1: 1790 daAuts
     D:2: 330 daAuts
